 Dungeon Crawl Stone Soup version 0.31-a0-150-g89dc3ad700 (webtiles) character file.

Game seed: 11943835857746079037

3651 qw the Skirmisher (level 9, -15/77 (81) HPs)
             Began as a Minotaur Hunter on June 8, 2023.
             Demolished by a two-headed ogre
             ... wielding a +0 giant club
              (19 damage)
             ... on level 8 of the Dungeon.
             The game lasted 00:03:10 (6702 turns).

qw the Skirmisher (Minotaur Hunter)                 Turns: 6702, Time: 00:03:11

HP:   -15/77 (81)   AC:  7    Str: 24 (25) XL:     9   Next: 88%
MP:   8/8           EV: 15    Int:  5 (6)  God:
Gold: 311           SH:  0    Dex: 16 (19) Spells: 8/8 levels left

rFire   . . .        Y - +3 shortbow
rCold   . . .        (shield currently unavailable)
rNeg    . . .        l - +1 leather armour of Gourgh {*Corrode rPois Str+4}
rPois   +            (helmet restricted)
rElec   .            j - +2 cloak
rCorr   .            b - +1 pair of gloves
SInv    .            k - +1 pair of boots
Will    .....        (no amulet)
Stlth   +            e - +6 ring of strength
HPRegen 0.32/turn    (no ring)
MPRegen 0.11/turn

%: corrode self (3%)
@: about to teleport, corroded, lightly drained
A: horns 2, retaliatory headbutt
a: no special abilities


You were on level 8 of the Dungeon.
You visited 2 branches of the dungeon, and saw 9 of its levels.
You also visited: Ossuary.

You collected 311 gold pieces.


Innate Abilities, Weirdness & Mutations

You have a pair of horns on your head.
You reflexively headbutt those who attack you in melee.


   Skills:
 - Level 8.2 Fighting
 + Level 12.5 Ranged Weapons
 - Level 3.6 Armour
 - Level 6.5 Dodging
 - Level 0.7 Stealth


You had 8 spell levels left.
You didn't know any spells.
Your spell library was empty.

Inventory:

Hand Weapons
 Y - a +3 shortbow (weapon)
Armour
 b - a +1 pair of gloves (worn)
 i - a +1 leather armour of cold resistance
 j - a +2 cloak (worn)
 k - a +1 pair of boots (worn)
 l - the +1 leather armour of Gourgh (worn) {*Corrode rPois Str+4}
   (You found it on level 5 of the Dungeon)

   Str:       It affects your strength (+4).
   rPois:     It protects you from poison.
   *Corrode:  It may corrode you when you take damage.
 o - +0 acid dragon scales
Jewellery
 e - a +6 ring of strength (left hand)
Scrolls
 a - a scroll of identify
 r - a scroll of teleportation
Potions
 c - a potion of might
 d - 4 potions of curing
 f - a potion of haste
 g - a potion of mutation
 h - a potion of cancellation {unknown}
 m - a potion of attraction {unknown}
 n - a potion of lignification {unknown}
 q - a potion of resistance {unknown}
 s - a potion of experience {unknown}

Dungeon Overview and Level Annotations

Branches:
Dungeon (8/15)             Temple (1/1) D:4         Ossuary (visited)
   Lair: D:8-11

Altars:
Ashenzari
Cheibriados
Dithmenos
Elyvilon
Fedhas
Gozag
Hepliaklqana
Nemelex Xobeh
Qazlal
Ru
Trog
Uskayaw
Xom
Yredelemnul
Zin

Annotations:
D:7 2 transporters, qw's ghost, novice GrHu


Message History

You shoot an arrow. The arrow hits the two-headed ogre.
The two-headed ogre is moderately wounded.
The wight completely misses you.
The wight hits you from afar with a +4 spear of freezing.
The wight freezes you.
You shoot an arrow. The arrow hits the two-headed ogre!
The two-headed ogre is heavily wounded.
The two-headed ogre hits you with a +0 giant club!
The two-headed ogre hits you but does no damage.
The wight completely misses you. The wight misses you.
You shoot an arrow.
The arrow barely misses the two-headed ogre.
The arrow hits the wight but does no damage.
You shoot an arrow.
The arrow hits the two-headed ogre but does no damage.
The two-headed ogre is heavily wounded.
The two-headed ogre barely misses you.
The two-headed ogre hits you with a +0 giant club.
The wight barely misses you. x2
You shoot an arrow.
The arrow completely misses the two-headed ogre.
The arrow hits the wight but does no damage.
The wight hits you from afar with a +0 spear.
You feel drained.
The wight hits you from afar with a +4 spear of freezing.
The wight freezes you.
You shoot an arrow. The arrow hits the two-headed ogre.
The two-headed ogre is heavily wounded.
The two-headed ogre closely misses you. You furiously retaliate!
You headbutt the two-headed ogre.
The two-headed ogre hits you with a +0 giant club!!
The wight closely misses you. x2
6702 ||| READING 2 scrolls of teleportation.
As you read the scroll of teleportation, it crumbles to dust.
You feel strangely unstable. The wight misses you.
The wight hits you from afar with a +0 spear.
You feel drained. The two-headed ogre misses you.
The two-headed ogre hits you with a +0 giant club!!
You die...

#.#..# .####.#..#
.........#
#######..########
................
########.##..#####
#.........#
######.)).# ###.@#
#.O# #.zz. ......
......#.. .......#
. ........#
........##


You could see a two-headed ogre and 2 wights.

Vanquished Creatures
  A two-headed ogre (D:5)
  Maggie (D:7)
  Prince Ribbit (D:7)
  2 water moccasins (D:7)
  A black bear (D:5)
  2 ice beasts
  2 sky beasts
  3 ogres
  3 scorpions
  6 wights
  5 centaur zombies (Ossuary)
  5 hounds
  A jelly (D:5)
  5 orc priests
  3 sleepcaps
  A gnoll bouda (D:6)
  3 iguanas
  3 orc wizards
  6 mummies (Ossuary)
  9 gnolls
  15 adders
  A white imp (D:5)
  2 ufetubi
  2 worms
  4 dart slugs
  22 orcs
  5 bats
  6 endoplasms
  4 giant cockroaches
  4 goblins
  6 hobgoblins
  3 jackals (D:4)
  17 kobolds
  3 quokkas
  3 ball pythons
  7 frilled lizards
  3 hobgoblin zombies (Ossuary)
  A quokka zombie (D:7)
  4 rats
  A rat zombie (D:7)
176 creatures vanquished.

Notes
Turn   | Place    | Note
-------+----------+-------------------------------------------
     0 | D:1      | qw the Minotaur Hunter began the quest for the Orb.
     0 | D:1      | Reached XP level 1. HP: 18/18 MP: 0/0
     0 | D:1      | 0 ||| qw: Version: 0.2-a-119-g7aa9181
     0 | D:1      | 0 ||| qw: Game counter: 2901
     0 | D:1      | 0 ||| qw: Always use a shield: true
     0 | D:1      | 0 ||| qw: God list: Okawaru
     0 | D:1      | 0 ||| qw: Allow faded altars: false
     0 | D:1      | 0 ||| qw: Do Orc after D:15 true
     0 | D:1      | 0 ||| qw: Do second Lair branch before Depths: true
     0 | D:1      | 0 ||| qw: Lair rune preference: random
     0 | D:1      | 0 ||| qw: Plans: Normal
     0 | D:1      | 0 ||| PLANNING D:1-11
   154 | D:1      | Reached XP level 2. HP: 25/25 MP: 1/1
   206 | D:1      | Reached skill level 5 in Ranged Weapons
   379 | D:1      | Reached skill level 3 in Fighting
   697 | D:1      | 697 ||| READING 2 scrolls labelled MEAFEVOOTI.
   698 | D:1      | 698 ||| READING scroll labelled XUEGELYMUQ.
   699 | D:1      | 699 ||| DROPPING scroll of butterflies.
   723 | D:2      | 723 ||| STAIRDANCE
   727 | D:1      | Reached XP level 3. HP: 22/31 MP: 2/2
  1271 | D:2      | Found a sparkling altar of Nemelex Xobeh.
  1447 | D:2      | 1447 ||| UPGRADING to +0 cloak.
  1452 | D:2      | 1452 ||| READING 2 scrolls of enchant armour.
  1452 | D:2      | 1452 ||| ENCHANTING +0 cloak.
  1453 | D:2      | 1453 ||| READING scroll of enchant armour.
  1453 | D:2      | 1453 ||| ENCHANTING +1 cloak.
  1454 | D:2      | 1454 ||| UPGRADING to +6 ring of strength.
  1455 | D:2      | 1455 ||| READING scroll labelled LAEQAPTUREA.
  1511 | D:2      | 1511 ||| READING scroll labelled BIESOTUTSE.
  1512 | D:2      | 1512 ||| READING 2 scrolls labelled TATISE VEQI.
  1513 | D:2      | 1513 ||| READING scroll labelled SIAKLU QILUORGHA.
  1514 | D:2      | 1514 ||| READING scroll labelled DEOM NUAF KADIN.
  1515 | D:2      | 1515 ||| DROPPING scroll of magic mapping.
  1546 | D:3      | Reached XP level 4. HP: 34/38 MP: 3/3
  1566 | D:3      | Reached skill level 6 in Ranged Weapons
  1650 | D:3      | Reached skill level 1 in Armour
  1663 | D:3      | Found a sparkling altar of Nemelex Xobeh.
  1715 | D:3      | 1715 ||| FLEEEEING.
  1716 | D:3      | 1716 ||| FLEEEEING.
  1717 | D:3      | 1717 ||| FLEEEEING.
  1836 | D:3      | Found a white marble altar of Elyvilon.
  1901 | D:3      | 1901 ||| Stepping ~*~*~tactically~*~*~ (outnumbered).
  1989 | D:3      | 1989 ||| READING scroll of enchant weapon.
  1989 | D:3      | 1989 ||| ENCHANTING +1 shortbow.
  2329 | D:3      | 2329 ||| UPGRADING to +1 pair of gloves.
  2334 | D:3      | 2334 ||| READING scroll labelled TAALAM DIU.
  2335 | D:3      | 2335 ||| READING scroll labelled TATAHIL BOAK.
  2457 | D:4      | Reached XP level 5. HP: 46/46 MP: 4/4
  2595 | D:4      | Reached skill level 7 in Ranged Weapons
  2632 | D:4      | Reached XP level 6. HP: 52/52 MP: 5/5
  2706 | D:4      | Found a shadowy altar of Dithmenos.
  2740 | D:4      | Reached skill level 8 in Ranged Weapons
  2861 | D:4      | Found a staircase to the Ecumenical Temple.
  2862 | D:4      | 2862 ||| PLANNING TEMPLE
  2862 | D:4      | 2862 ||| UPGRADING to +1 leather armour of cold resistance.
  2872 | D:4      | 2872 ||| DROPPING +0 leather armour.
  2873 | D:4      | 2873 ||| READING 2 scrolls labelled DAT INKOMICS.
  2881 | D:4      | 2881 ||| READING 2 scrolls of identify.
  2881 | D:4      | 2881 ||| IDENTIFYING cyan potion
  2882 | D:4      | 2882 ||| Stepping randomly (stuck).
  2883 | D:4      | 2883 ||| Stepping randomly (stuck).
  2884 | D:4      | 2884 ||| Stepping randomly (stuck).
  2885 | D:4      | 2885 ||| Stepping randomly (stuck).
  2886 | D:4      | 2886 ||| Stepping randomly (stuck).
  2887 | D:4      | 2887 ||| Stepping randomly (stuck).
  2888 | D:4      | 2888 ||| Stepping randomly (stuck).
  2889 | D:4      | 2889 ||| Stepping randomly (stuck).
  2890 | D:4      | 2890 ||| Stepping randomly (stuck).
  2891 | D:4      | 2891 ||| Stepping randomly (stuck).
  2892 | D:4      | 2892 ||| Stepping randomly (stuck).
  2893 | D:4      | 2893 ||| Stepping randomly (stuck).
  2894 | D:4      | 2894 ||| Stepping randomly (stuck).
  2895 | D:4      | 2895 ||| Stepping randomly (stuck).
  2896 | D:4      | 2896 ||| Stepping randomly (stuck).
  2897 | D:4      | 2897 ||| Stepping randomly (stuck).
  2898 | D:4      | 2898 ||| Stepping randomly (stuck).
  2899 | D:4      | 2899 ||| Stepping randomly (stuck).
  2900 | D:4      | 2900 ||| Stepping randomly (stuck).
  2901 | D:4      | 2901 ||| Stepping randomly (stuck).
  2902 | D:4      | 2902 ||| Stepping randomly (stuck).
  2903 | D:4      | 2903 ||| Stepping randomly (stuck).
  2904 | D:4      | 2904 ||| Stepping randomly (stuck).
  2905 | D:4      | 2905 ||| Stepping randomly (stuck).
  2906 | D:4      | 2906 ||| Stepping randomly (stuck).
  2907 | D:4      | 2907 ||| Stepping randomly (stuck).
  2908 | D:4      | 2908 ||| Stepping randomly (stuck).
  2909 | D:4      | 2909 ||| Stepping randomly (stuck).
  2910 | D:4      | 2910 ||| Stepping randomly (stuck).
  2911 | D:4      | 2911 ||| Stepping randomly (stuck).
  2912 | D:4      | 2912 ||| Stepping randomly (stuck).
  2913 | D:4      | 2913 ||| Stepping randomly (stuck).
  2914 | D:4      | 2914 ||| Stepping randomly (stuck).
  2915 | D:4      | 2915 ||| Stepping randomly (stuck).
  2916 | D:4      | 2916 ||| Stepping randomly (stuck).
  2917 | D:4      | 2917 ||| Stepping randomly (stuck).
  2918 | D:4      | 2918 ||| Stepping randomly (stuck).
  2919 | D:4      | 2919 ||| Stepping randomly (stuck).
  2920 | D:4      | 2920 ||| Stepping randomly (stuck).
  2921 | D:4      | 2921 ||| Stepping randomly (stuck).
  2922 | D:4      | 2922 ||| Stepping randomly (stuck).
  2923 | D:4      | 2923 ||| Stepping randomly (stuck).
  2924 | D:4      | 2924 ||| Stepping randomly (stuck).
  2925 | D:4      | 2925 ||| Stepping randomly (stuck).
  2926 | D:4      | 2926 ||| Stepping randomly (stuck).
  2927 | D:4      | 2927 ||| Stepping randomly (stuck).
  2928 | D:4      | 2928 ||| Stepping randomly (stuck).
  2929 | D:4      | 2929 ||| Stepping randomly (stuck).
  2930 | D:4      | 2930 ||| Stepping randomly (stuck).
  2931 | D:4      | 2931 ||| Stepping randomly (stuck).
  2932 | D:4      | 2932 ||| Stepping randomly (stuck).
  2933 | D:4      | 2933 ||| READING scroll of teleportation.
  3004 | Temple   | Entered the Ecumenical Temple
  3042 | Temple   | 3042 ||| PLANNING D:1-11
  3217 | D:4      | Reached skill level 3 in Dodging
  3346 | D:4      | Found a broken altar of Ashenzari.
  3521 | D:4      | Reached XP level 7. HP: 61/61 MP: 6/6
  3754 | D:4      | 3754 ||| UPGRADING to +1 pair of boots.
  3759 | D:4      | 3759 ||| DRINKING 3 inky potions.
  3760 | D:4      | 3760 ||| READING 3 scrolls of identify.
  3760 | D:4      | 3760 ||| IDENTIFYING smoky dark potion
  3761 | D:4      | 3761 ||| READING 2 scrolls of identify.
  3761 | D:4      | 3761 ||| IDENTIFYING green potion
  3762 | D:4      | 3762 ||| DROPPING potion of invisibility.
  3771 | D:5      | Entered Level 5 of the Dungeon
  3829 | D:5      | 3829 ||| FLEEEEING.
  4040 | D:5      | Reached skill level 9 in Ranged Weapons
  4045 | D:5      | Identified the +1 leather armour of Gourgh {*Corrode rPois
                  | Str+4}
  4148 | D:5      | Found a blossoming altar of Fedhas.
  4196 | D:5      | Reached skill level 6 in Fighting
  4250 | D:5      | Noticed a two-headed ogre
  4262 | D:5      | Killed a two-headed ogre
  4263 | D:5      | Reached skill level 10 in Ranged Weapons
  4263 | D:5      | Reached XP level 8. HP: 33/70 MP: 7/7
  4565 | D:5      | Found a bloodstained altar of Trog.
  4820 | D:5      | 4820 ||| UPGRADING to +1 leather armour of Gourgh {*Corrode
                  | rPois Str+4}.
  4830 | D:5      | 4830 ||| DROPPING +6 ring of intelligence.
  4875 | D:6      | 4875 ||| STAIRDANCE
  4922 | D:6      | Reached skill level 11 in Ranged Weapons
  5177 | D:6      | Reached XP level 9. HP: 79/79 MP: 8/8
  5622 | D:6      | 5622 ||| READING scroll labelled ARORULLEAFOS.
  5623 | D:6      | 5623 ||| DRINKING 2 fizzy sapphire potions.
  5645 | D:7      | 5645 ||| PLANNING OSSUARY
  5672 | D:7      | Found a sand-covered staircase.
  5683 | Ossuary  | Entered an ossuary
  5722 | Ossuary  | 5722 ||| FLEEEEING.
  5726 | Ossuary  | 5726 ||| FLEEEEING.
  5727 | Ossuary  | 5727 ||| FLEEEEING.
  5728 | Ossuary  | 5728 ||| FLEEEEING.
  5880 | Ossuary  | 5880 ||| READING scroll of enchant weapon.
  5880 | Ossuary  | 5880 ||| ENCHANTING +2 shortbow.
  5890 | Ossuary  | 5890 ||| DRINKING 2 ruby potions.
  5891 | Ossuary  | 5891 ||| DROPPING potion of brilliance.
  5899 | D:7      | 5899 ||| PLANNING D:1-11
  5926 | D:7      | Reached skill level 12 in Ranged Weapons
  5950 | D:7      | Reached skill level 3 in Armour
  6056 | D:7      | Noticed Prince Ribbit
  6065 | D:7      | Killed Prince Ribbit
  6077 | D:7      | 6077 ||| FLEEEEING.
  6078 | D:7      | 6078 ||| FLEEEEING.
  6079 | D:7      | 6079 ||| FLEEEEING.
  6080 | D:7      | 6080 ||| FLEEEEING.
  6081 | D:7      | 6081 ||| FLEEEEING.
  6082 | D:7      | 6082 ||| FLEEEEING.
  6083 | D:7      | 6083 ||| FLEEEEING.
  6084 | D:7      | 6084 ||| FLEEEEING.
  6085 | D:7      | 6085 ||| FLEEEEING.
  6086 | D:7      | 6086 ||| FLEEEEING.
  6131 | D:7      | Noticed Maggie
  6149 | D:7      | Killed Maggie
  6150 | D:7      | Reached skill level 6 in Dodging
  6235 | D:7      | Found a stormy altar of Qazlal.
  6250 | D:7      | Found a snail-covered altar of Cheibriados.
  6367 | D:7      | Noticed a two-headed ogre
  6368 | D:7      | Found a bloodstained altar of Trog.
  6368 | D:7      | Noticed a moth of wrath
  6368 | D:7      | Noticed qw's ghost (novice GrHu)
  6369 | D:7      | Found a transporter.
  6388 | D:7      | Found a transporter.
  6425 | D:7      | Found a shimmering altar of Xom.
  6492 | D:7      | 6492 ||| DRINKING 2 viscous white potions.
  6493 | D:7      | 6493 ||| DROPPING potion of degeneration.
  6691 | D:8      | Noticed a two-headed ogre
  6701 | D:8      | HP: 7/79 [two-headed ogre/+0 giant club (22)]
  6702 | D:8      | 6702 ||| READING 2 scrolls of teleportation.
  6702 | D:8      | Demolished by a two-headed ogre

Levels and vault maps discovered:
D:1:      sevenhm_arrival_forest_fort_large_2, layout_loops_ring
D:2:      layout_basic, basic_altar
D:3:      layout_loops_ring, mainiacjoe_overflow_boulevard, elyvilon_altar_3,
          lexackson_kobold_supper
D:4:      minmay_razor_zed, layout_cave_pods, grunt_dithmenos_smoke,
          nicolae_overflow_crystal_walls, minmay_temple_entry_waves
D:5:      layout_loops_ring, mainiacjoe_overflow_small_starburst,
          trog_butcher_becter, grunt_ministairs_10
D:6:      layout_basic
D:7:      layout_cave_pools, mainiacjoe_overflow_chevrons,
          nicolae_qazlal_style_of_elements, mainiacjoe_overflow_brackets,
          enter_ossuary_4, gammafunk_ghost_wrathful_warriors, uniq_maggie,
          uniq_prince_ribbit1
D:8:      layout_basic, mainiacjoe_overflow_surrounded_room,
          chequers_temple_overflow_statue_of_worship
Temple:   nicolae_temple_ecumenical_triangle

Skill      XL: |  1  2  3  4  5  6  7  8  9 |
---------------+----------------------------+-----
Ranged Weapons | 5 6 7 8 10 11 12 | 12.5
Fighting       | 3 4 5 6 7 8 |  8.2
Armour         | 1 2 3 |  3.6
Dodging        | 3 5 6 |  6.5
Stealth        | |  0.7

Action                     |  1- 3 |  4- 6 |  7- 9 || total
---------------------------+-------+-------+-------++-------
   Fire: Shortbow          |    83 |   206 |   388 ||   677
    Use: Scroll            |     9 |     6 |     5 ||    20
         Potion            |       |       |     4 ||     4
 Armour: Leather armour    |     5 |    36 |    58 ||    99
  Dodge: Dodged            |    12 |    79 |   135 ||   226

Table legend:
 A = Non-vault XP
 B = Vault XP
 C = Vault XP percentage of total XP
 D = Non-vault monster count
 E = Vault monster count
 F = Vault count percentage of total count
                 A         B        C        D         E       F
            +---------+---------+-------+---------+---------+-------
      Total |    3896 |    1321 |  25.3 |     132 |      44 |  25.0
            +---------+---------+-------+---------+---------+-------
        D:1 |      44 |       0 |   0.0 |      19 |       0 |   0.0
        D:2 |      34 |       0 |   0.0 |      11 |       0 |   0.0
        D:3 |      87 |      10 |  10.3 |      18 |       8 |  30.8
        D:4 |     465 |     235 |  33.6 |      35 |      10 |  22.2
        D:5 |    1509 |      57 |   3.6 |      17 |       8 |  32.0
        D:6 |     726 |       0 |   0.0 |      16 |       0 |   0.0
        D:7 |     887 |     678 |  43.3 |      14 |       4 |  22.2
        D:8 |     144 |       0 |   0.0 |       2 |       0 |   0.0
    Ossuary |       0 |     341 | 100.0 |       0 |      14 | 100.0
            +---------+---------+-------+---------+---------+-------
